 Dungeon Crawl Stone Soup version 0.17.1-3-g152610e (webtiles) character file.

63 Gargoyl the Skirmisher (level 3, 0/29 HPs)
             Began as a Demonspawn Abyssal Knight on Apr 8, 2016.
             Was a Believer of Lugonu.
             Succumbed to an adder's poison
             ... on level 2 of the Dungeon.
             The game lasted 00:03:14 (1839 turns).

Gargoyl the Skirmisher (Demonspawn Abyssal Knight)  Turns: 1839, Time: 00:03:14

Health: 0/29       AC:  5    Str: 15    XL:     3   Next: 87%
Magic:  5/5        EV: 17    Int: 13    God:    Lugonu [**....]
Gold:   52         SH:  2    Dex: 17    Spells: 0 memorised, 2 levels left

rFire  . . .     SeeInvis .     a - +1 hand axe
rCold  . . .     Clarity  .     b - +0 leather armour
rNeg   . . .     SustAt   .     (no shield)
rPois  .         Gourm    .     (no helmet)
rElec  .         Spirit   .     (no cloak)
rCorr  .         Warding  .     (no gloves)
rMut   .         Stasis   .     (no boots)
MR     .....                    (no amulet)
Stlth  ++........               (no ring)
                                k - +2 ring of strength

@: agile, lethally poisoned (0 -> -3), not resistant to hostile enchantments,
unstealthy
A: large bone plates 1, rot immunity
a: Depart the Abyss, Bend Space, Renounce Religion


You were on level 2 of the Dungeon.
You worshipped Lugonu.
Lugonu was pleased with you.
You were not hungry.

You visited 1 branch of the dungeon, and saw 2 of its levels.
You visited the Abyss 1 time.

You collected 52 gold pieces.

Inventory:

Hand Weapons
 a - a +1 hand axe (weapon)
 g - a +0 spear
Missiles
 d - 18 poisoned needles
Armour
 b - a +0 leather armour (worn)
Jewellery
 k - a +2 ring of strength (left hand)
Scrolls
 e - a scroll of noise {unknown}
 f - a scroll of remove curse {unknown}
 j - 2 scrolls of teleportation {unknown}
Comestibles
 c - a bread ration
 h - a slice of pizza
 l - 2 chunks of flesh


   Skills:
 + Level 3.4 Fighting
 + Level 2.0 Axes
 * Level 2.2 Armour
 + Level 1.8 Dodging
 + Level 0.2 Stealth
 + Level 3.2 Invocations


You had 2 spell levels left.
You didn't know any spells.

Dungeon Overview and Level Annotations

Branches:
Dungeon (2/15)

Altars:
Kikubaaqudgha


Innate Abilities, Weirdness & Mutations

You are partially covered in large bone plates (AC +2, SH +2).
You are immune to rotting.


Message History

The adder is almost dead.
The adder barely misses you. x2
Drink which item? (? for menu, Esc to quit)
It was a potion of agility.
You feel agile all of a sudden.
* * * LOW HITPOINT WARNING * * *
You feel sick. The adder closely misses you.
You hit the adder.
You kill the adder!
Lugonu accepts your kill.
Your Axes skill increases to level 2!
* * * LOW HITPOINT WARNING * * *
You feel sick.
* * * LOW HITPOINT WARNING * * *
You feel sick.
* * * LOW HITPOINT WARNING * * *
You feel sick.
* * * LOW HITPOINT WARNING * * *
You feel sick.
You die...

## .. .# .#
###.####### #.#
#.........# #.#
######.@.......#
#.#
.^.......#####$#
#.# #######..# #.#
#.# #..# #.# #.#
#..#####.#####.#
#....†.........###
#.######..........
#.# #..........
#.# ##########.


There were no monsters in sight!

Vanquished Creatures
  A gnoll (D:1)
  An adder (D:2)
  An ooze (D:1)
  2 giant geckos
  4 goblins
  A hobgoblin (D:1)
  3 jackals (D:2)
  10 kobolds
  6 bats (D:1)
  2 giant cockroaches
  A giant newt (D:2)
  6 rats
38 creatures vanquished.

Notes
Turn   | Place    | Note
--------------------------------------------------------------
     0 | Abyss:1  | Gargoyl the Demonspawn Abyssal Knight began the quest for the Orb.
     0 | Abyss:1  | Reached XP level 1. HP: 18/18 MP: 2/2
    70 | Abyss:1  | Noticed a smoke demon
   100 | Abyss:1  | Noticed a large abomination
   106 | Abyss:1  | Noticed a small abomination
   109 | D:1      | Escaped the Abyss
   357 | D:1      | Reached * piety under Lugonu
   369 | D:1      | Reached skill level 1 in Dodging
   565 | D:1      | Gained mutation: You are immune to rotting. [demonic ancestry]
   565 | D:1      | Reached XP level 2. HP: 24/24 MP: 4/4
   838 | D:1      | Gained mutation: You are partially covered in large bone plates (AC +2, SH +2). [demonic ancestry]
   838 | D:1      | Reached XP level 3. HP: 8/29 MP: 5/5
  1668 | D:2      | Reached ** piety under Lugonu
  1812 | D:2      | Found an ancient bone altar of Kikubaaqudgha.
  1836 | D:2      | HP: 1/29 [poisoned by an adder]
  1839 | D:2      | Succumbed to an adder's poison

Action                   || total
-------------------------++-------
Melee: Hand axe          ||   119
Invok: Depart the Abyss  ||     1
  Use: Potion            ||     1
  Eat: Chunk             ||     3
